Blackdemons vs Patriotes
Created - 1 avril 2015 at 23:14
Goals
|
Blackdemons |
1 |
3 |
1 |
0 |
1 |
5 |
Patriotes |
2 |
3 |
0 |
0 |
2 |
6 |
|
Shots
|
Blackdemons |
8 |
19 |
5 |
2 |
4 |
34 |
Patriotes |
11 |
16 |
5 |
1 |
4 |
33 |
|
1st period
1. Patriotes , Andreas Nodl 41 (Zenon Konopka) at 7:58
2. Blackdemons , Enver Lisin 62 (Zach Boychuk) at 13:15
3. Patriotes , Liam Reddox 12 (Ryan Wilson, Christian Hanson) at 19:10
Penalties :
A.J Thelen (Nyc) for Hooking (Minor) at 8:20, Zach Boychuk (MJM) for Roughing (Minor) at 19:13
2nd period
4. Patriotes , Fedor Fedorov 34 (Cory Emmerton) at 0:18 (PP)
5. Patriotes , Zenon Konopka 35 (Andreas Nodl) at 2:55
6. Blackdemons , Enver Lisin 63 (Jakub Kindl, Matt Hackett) at 9:56
7. Patriotes , Ryan Wilson 12 (Ryan White) at 16:58
8. Blackdemons , Enver Lisin 64 (Sam Gagner) at 19:19
9. Blackdemons , Enver Lisin 65 (Sam Gagner, Brendon Nash) at 19:35
Penalties :
Steven Zalewski (MJM) for Holding (Minor) at 13:28
3rd period
10. Blackdemons , Michael Haley 15 (Matt Hunwick, Shawn Matthias) at 18:34 (PP)
Penalties :
Zach Boychuk (MJM) for Tripping (Minor) at 1:18, Ryan Wilson (Nyc) for Interference (Minor) at 6:40, Calvin de Haan (MJM) for Hooking (Minor) at 8:47, Christian Hanson (Nyc) for Holding (Minor) at 17:17
Overtime #1
No Goal
Penalties :
No Penalty
Shootout
Penalty Shot by Enver Lisin for Blackdemons - Shot Misses the Net
Penalty Shot by Tomas Kurka for Patriotes - Stopped by Martin Biron
Penalty Shot by Wayne Primeau for Blackdemons - Stopped by Marek Schwarz
Penalty Shot by Andreas Nodl for Patriotes - Goal!
Penalty Shot by Shawn Matthias for Blackdemons - Goal!
Penalty Shot by Fedor Fedorov for Patriotes - Stopped by Martin Biron
Penalty Shot by Alyn McCauley for Blackdemons - Stopped by Marek Schwarz
Penalty Shot by Zenon Konopka for Patriotes - Goal!
Penalties :
No Penalty
Goalie Stats
Matt Hackett (MJM), 19 saves from 24 shots - (0,792), 36:58 minutes
Martin Biron (MJM), 9 saves from 9 shots - (1,000), OTL, 43-15-5, 28:02 minutes
Marek Schwarz (Nyc), 29 saves from 34 shots - (0,853), W, 11-14-4, 65:00 minutes
Players Stats for Blackdemons
Player Name G A P +/- PIM S H SB GA TA FO MP PP MP PK MP
------------------------------------------------------------------------------------
Alyn McCauley 0 0 0 -2 0 0 1 1 0 0 0/0 13:09 0:14 1:02
Barry Tallackson 0 0 0 1 0 1 1 1 0 0 0/0 9:53 0:58 0:00
Brendon Nash 0 1 1 2 0 3 3 2 0 1 0/0 25:55 2:22 4:29
Calvin de Haan 0 0 0 0 2 1 1 0 0 0 0/0 13:35 0:00 0:00
Enver Lisin 4 0 4 2 0 11 2 1 2 0 0/0 22:14 2:44 0:00
Jakub Kindl 0 1 1 0 0 0 1 1 0 0 0/0 17:14 0:00 2:33
Luca Caputi 0 0 0 -1 0 0 2 1 0 0 0/0 9:32 0:00 0:34
Mathieu Dandenault 0 0 0 -2 0 3 2 1 0 0 0/0 17:35 1:19 4:10
Matt Calvert 0 0 0 -1 0 0 0 1 2 0 0/0 11:14 0:00 0:00
Matt Hunwick 0 1 1 -2 0 1 1 1 0 3 0/0 24:51 2:22 4:29
Matt Irwin 0 0 0 -2 0 0 2 1 0 0 0/0 23:40 2:53 0:00
Michael Haley 1 0 1 1 0 1 2 0 1 1 2/3 18:20 2:44 2:18
Michael Kostka 0 0 0 2 0 2 0 0 0 1 0/0 24:47 2:53 2:33
Sam Gagner 0 2 2 2 0 2 0 0 0 0 18/28 19:10 2:44 0:00
Shawn Matthias 0 1 1 1 0 1 1 3 0 0 5/13 16:19 2:31 1:50
Steven Zalewski 0 0 0 -1 2 0 0 0 1 0 0/1 8:12 0:00 0:00
Wayne Primeau 0 0 0 -2 0 5 1 0 0 0 5/13 16:15 0:00 4:10
Zach Boychuk 0 1 1 2 4 3 1 0 0 0 0/0 20:59 2:31 0:00
Players Stats for Patriotes
Player Name G A P +/- PIM S H SB GA TA FO MP PP MP PK MP
------------------------------------------------------------------------------------
A.J Thelen 0 0 0 -3 2 2 1 2 2 0 0/0 29:12 4:14 2:02
Andreas Nodl 1 1 2 -1 0 4 1 0 0 0 1/4 24:55 3:37 3:10
Brett Skinner 0 0 0 -3 0 6 3 1 0 0 0/0 29:59 4:14 3:08
Christian Hanson 0 1 1 1 2 1 1 0 1 1 2/5 14:43 0:28 2:10
Cory Emmerton 0 1 1 -1 0 1 5 0 0 0 7/13 16:21 3:13 1:08
Fedor Fedorov 1 0 1 -1 0 3 2 0 1 1 0/1 17:19 3:13 0:51
Jared Staal 0 0 0 1 0 0 0 0 0 0 0/0 8:32 0:00 0:00
Joakim Andersson 0 0 0 1 0 0 1 0 0 0 0/0 8:32 0:00 0:00
Joe Charlebois 0 0 0 -1 0 1 0 1 0 2 0/0 12:55 0:00 0:22
Lauri Tukonen 0 0 0 -1 0 2 4 0 0 0 0/0 15:06 3:13 0:00
Liam Reddox 1 0 1 1 0 3 0 0 0 1 1/2 13:14 0:00 1:29
Mathieu Brodeur 0 0 0 -1 0 0 1 1 0 0 0/0 14:28 0:00 1:49
Ryan White 0 1 1 1 0 0 1 0 0 0 2/3 10:18 0:04 0:00
Ryan Wilson 1 1 2 4 2 5 1 3 2 1 0/0 21:21 2:48 1:08
Tomas Kurka 0 0 0 -1 0 0 2 1 0 0 2/3 21:54 3:45 0:00
Tyler Myers 0 0 0 4 0 0 2 0 0 0 0/0 22:24 2:48 2:01
Zack Stortini 0 0 0 1 0 0 1 0 0 0 1/1 10:41 0:00 0:00
Zenon Konopka 1 1 2 -1 0 5 2 2 0 0 12/26 22:48 3:33 1:42
3 Stars
1 - Enver Lisin (MJM)
2 - Ryan Wilson (Nyc)
3 - Zenon Konopka (Nyc)
Power Play
Blackdemons - 1 on 3 Attempt(s) - 33,33%
Patriotes - 1 on 4 Attempt(s) - 25,00%
Penalty Kill
Blackdemons - 3 on 4 Attempt(s) - 75,00%
- Score 0 goal in Penalty Kill
Patriotes - 2 on 3 Attempt(s) - 66,67%
- Score 0 goal in Penalty Kill
Team Stat
Blackdemons - Hits : 21 - Faceoff Wins : 30 - Blocked Shots : 14 - Penalty Minutes : 8
Patriotes - Hits : 28 - Faceoff Wins : 28 - Blocked Shots : 11 - Penalty Minutes : 6
Official
Referees : L'Ecuyer Frederick and Walkom Stephen
Linesman : Mark Wheler and David Brisebois
Game Notes
Martin Biron enters game at 16:58 of 2nd period
Barry Tallackson is injured at 19:11 of 2nd period (Separated Right Shoulder)
Enver Lisin has scored a Hat Trick!
Finance
Level 1 -- Attendance: 1423 (71,15%) -- Ticket Income 49 805 $
Level 2 -- Attendance: 713 (71,30%) -- Ticket Income 10 695 $
Total Attendance: 2136 (71,20%)
Total Ticket Income: 60 500 $
Other Income: 3 025 $
Total Income: 63 525 $
Blackdemons
5 vs 5 Forward
Center Left Wing Right Wing Time % Phy DF OF
1 Sam Gagner Zach Boychuk Enver Lisin 40 1 2 2
2 Shawn Matthias Michael Haley Barry Tallackson 30 2 2 1
3 Wayne Primeau Alyn McCauley Mathieu Dandenault 20 1 3 1
4 Steven Zalewski Luca Caputi Matt Calvert 10 1 4 0
5 vs 5 Defense
Defense Defense Time % Phy DF OF
1 Michael Kostka Brendon Nash 40 1 3 1
2 Matt Hunwick Matt Irwin 40 1 3 1
3 Jakub Kindl Calvin de Haan 15 1 3 1
4 Jakub Kindl Calvin de Haan 5 1 3 1
PowerPlay Forward
Center Left Wing Right Wing Time % Phy DF OF
1 Sam Gagner Michael Haley Enver Lisin 70 2 0 3
2 Shawn Matthias Zach Boychuk Barry Tallackson 30 1 1 3
PowerPlay Defense
Defense Defense Time % Phy DF OF
1 Michael Kostka Matt Irwin 60 1 2 2
2 Matt Hunwick Brendon Nash 40 1 2 2
Penalty Kill 4 Players Forward
Center Wing Time % Phy DF OF
1 Wayne Primeau Mathieu Dandenault 70 1 4 0
2 Alyn McCauley Barry Tallackson 30 1 4 0
Penalty Kill 4 Players Defense
Defense Defense Time % Phy DF OF
1 Matt Hunwick Brendon Nash 60 1 2 2
2 Michael Kostka Jakub Kindl 40 1 2 2
Penalty Kill - 3 Players Forward
Forward Time % Phy DF OF
1 Wayne Primeau 60 0 5 0
2 Alyn McCauley 40 0 5 0
Penalty Kill - 3 Players Defense
Defense Defense Time % Phy DF OF
1 Matt Hunwick Brendon Nash 60 1 2 2
2 Michael Kostka Jakub Kindl 40 1 2 2
4 vs 4 Forward
Center Wing Time % Phy DF OF
1 Wayne Primeau Enver Lisin 60 1 3 1
2 Alyn McCauley Mathieu Dandenault 40 1 3 1
4 vs 4 Defense
Defense Defense Time % Phy DF OF
1 Michael Kostka Matt Irwin 60 1 3 1
2 Jakub Kindl Brendon Nash 40 1 3 1
Last Minutes Offensive
Center Left Wing Right Wing Defense Defense
Sam Gagner Barry Tallackson Enver Lisin Michael Kostka Matt Irwin
Last Minutes Defensive
Center Left Wing Right Wing Defense Defense
Wayne Primeau Alyn McCauley Mathieu Dandenault Matt Hunwick Brendon Nash
Goaltenders
Starting : Matt Hackett
Backup : Martin Biron
Extra Forwards
Normal : Zach Boychuk, Michael Haley, Matt Calvert - PP : Mathieu Dandenault, Alyn McCauley - PK : Shawn Matthias
Extra Defensemen
Normal : Brendon Nash, Michael Kostka, Matt Irwin - PP : Jakub Kindl - PK : Matt Irwin, Calvin de Haan
Penalty Shots
Barry Tallackson, Wayne Primeau, Shawn Matthias, Alyn McCauley, Matt Calvert
Patriotes
5 vs 5 Forward
Center Left Wing Right Wing Time % Phy DF OF
1 Zenon Konopka Tomas Kurka Andreas Nodl 40 1 2 2
2 Cory Emmerton Fedor Fedorov Lauri Tukonen 30 1 2 2
3 Christian Hanson Liam Reddox Zack Stortini 20 1 2 2
4 Ryan White Joakim Andersson Jared Staal 10 1 2 2
5 vs 5 Defense
Defense Defense Time % Phy DF OF
1 A.J Thelen Brett Skinner 40 1 2 2
2 Tyler Myers Ryan Wilson 30 1 2 2
3 Joe Charlebois Mathieu Brodeur 20 1 2 2
4 A.J Thelen Brett Skinner 10 1 2 2
PowerPlay Forward
Center Left Wing Right Wing Time % Phy DF OF
1 Zenon Konopka Tomas Kurka Andreas Nodl 60 1 2 2
2 Cory Emmerton Fedor Fedorov Lauri Tukonen 40 1 2 2
PowerPlay Defense
Defense Defense Time % Phy DF OF
1 A.J Thelen Brett Skinner 60 1 2 2
2 Tyler Myers Ryan Wilson 40 1 2 2
Penalty Kill 4 Players Forward
Center Wing Time % Phy DF OF
1 Christian Hanson Andreas Nodl 60 1 2 2
2 Cory Emmerton Zenon Konopka 40 1 2 2
Penalty Kill 4 Players Defense
Defense Defense Time % Phy DF OF
1 A.J Thelen Brett Skinner 60 1 2 2
2 Tyler Myers Ryan Wilson 40 1 2 2
Penalty Kill - 3 Players Forward
Forward Time % Phy DF OF
1 Cory Emmerton 60 1 2 2
2 Andreas Nodl 40 1 2 2
Penalty Kill - 3 Players Defense
Defense Defense Time % Phy DF OF
1 A.J Thelen Brett Skinner 60 1 2 2
2 Tyler Myers Ryan Wilson 40 1 2 2
4 vs 4 Forward
Center Wing Time % Phy DF OF
1 Tomas Kurka Andreas Nodl 60 1 2 2
2 Fedor Fedorov Zenon Konopka 40 1 2 2
4 vs 4 Defense
Defense Defense Time % Phy DF OF
1 A.J Thelen Brett Skinner 60 1 2 2
2 Tyler Myers Ryan Wilson 40 1 2 2
Last Minutes Offensive
Center Left Wing Right Wing Defense Defense
Zenon Konopka Tomas Kurka Andreas Nodl A.J Thelen Brett Skinner
Last Minutes Defensive
Center Left Wing Right Wing Defense Defense
Zenon Konopka Tomas Kurka Andreas Nodl A.J Thelen Brett Skinner
Goaltenders
Starting : Marek Schwarz
Backup : Joey MacDonald
Extra Forwards
Normal : Christian Hanson, Ryan White, Liam Reddox - PP : Christian Hanson, Ryan White - PK : Liam Reddox
Extra Defensemen
Normal : Joe Charlebois, Mathieu Brodeur, Tyler Myers - PP : Joe Charlebois - PK : Mathieu Brodeur, Tyler Myers
Penalty Shots
Tomas Kurka, Andreas Nodl, Fedor Fedorov, Zenon Konopka, Cory Emmerton
% Time on Ice - Blackdemons
Lines # - Real PCT - Wanted PCT - Time Play
Normal Forward
1 - 35% - 40% - 16:56
2 - 26% - 30% - 12:28
3 - 21% - 20% - 10:06
4 - 17% - 10% - 8:13
Normal Defense
1 - 36% - 40% - 17:08
2 - 39% - 40% - 18:34
3 - 19% - 15% - 8:53
4 - 7% - 5% - 3:08
PP Forward
1 - 52% - 70% - 2:44
2 - 48% - 30% - 2:31
PP Defense
1 - 55% - 60% - 2:53
2 - 45% - 40% - 2:22
PK Forward
1 - 100% - 70% - 7:02
2 - 0% - 30% - 0:00
PK Defense
1 - 64% - 60% - 4:29
2 - 36% - 40% - 2:33
PK3 Forward
1 - 0% - 60%
2 - 0% - 40%
PK3 Defense
1 - 0% - 60%
2 - 0% - 40%
44 Forward
1 - 70% - 60% - 3:30
2 - 30% - 40% - 1:30
44 Defense
1 - 77% - 60% - 3:51
2 - 23% - 40% - 1:09
Last Minute Offensive - 0:00
Last Minute Defensive - 0:00
Total
Forward - 65:00
Defense - 65:00
|
% Time on Ice - Patriotes
Lines # - Real PCT - Wanted PCT - Time Play
Normal Forward
1 - 35% - 40% - 16:30
2 - 25% - 30% - 12:00
3 - 22% - 20% - 10:41
4 - 18% - 10% - 8:32
Normal Defense
1 - 38% - 40% - 18:15
2 - 33% - 30% - 15:44
3 - 23% - 20% - 10:48
4 - 6% - 10% - 2:56
PP Forward
1 - 54% - 60% - 3:49
2 - 46% - 40% - 3:13
PP Defense
1 - 60% - 60% - 4:14
2 - 40% - 40% - 2:48
PK Forward
1 - 78% - 60% - 4:07
2 - 22% - 40% - 1:08
PK Defense
1 - 67% - 60% - 3:30
2 - 33% - 40% - 1:45
PK3 Forward
1 - 0% - 60%
2 - 0% - 40%
PK3 Defense
1 - 0% - 60%
2 - 0% - 40%
44 Forward
1 - 77% - 60% - 3:50
2 - 23% - 40% - 1:10
44 Defense
1 - 55% - 60% - 2:46
2 - 45% - 40% - 2:14
Last Minute Offensive - 0:00
Last Minute Defensive - 0:00
Total
Forward - 65:00
Defense - 65:00
|
Play by Play
1st period
0:01 of 1st period - Sam Gagner wins face-off versus Zenon Konopka in neutral zone.
0:56 of 1st period - Wrist shot by Wayne Primeau.
0:56 of 1st period - Stopped by Marek Schwarz with a rebound.
1:32 of 1st period - Snap shot by Enver Lisin.
1:32 of 1st period - Shot Blocked by Mathieu Brodeur.
1:53 of 1st period - Wrist shot by Fedor Fedorov.
1:53 of 1st period - Stopped by Matt Hackett with a rebound.
2:56 of 1st period - Calvin de Haan is hit by Brett Skinner and loses puck.
3:05 of 1st period - Wrist shot by Enver Lisin.
3:05 of 1st period - Deflect By Lauri Tukonen.
3:05 of 1st period - Shot Misses the Net.
3:05 of 1st period - Puck is out of play.
3:06 of 1st period - Shawn Matthias wins face-off versus Zenon Konopka in Patriotes zone.
3:07 of 1st period - Wrist shot by Barry Tallackson.
3:07 of 1st period - Shot Blocked by Ryan Wilson.
3:09 of 1st period - Slapshot by Jakub Kindl.
3:09 of 1st period - Shot Misses the Net.
3:19 of 1st period - Snap shot by Barry Tallackson.
3:19 of 1st period - Stopped by Marek Schwarz with a rebound.
3:21 of 1st period - Wrist shot by Shawn Matthias.
3:21 of 1st period - Shot Misses the Net.
3:33 of 1st period - Calvin de Haan is hit by Cory Emmerton and loses puck.
3:42 of 1st period - Wrist shot by Fedor Fedorov.
3:42 of 1st period - Stopped by Matt Hackett without a rebound.
3:43 of 1st period - Ryan White wins face-off versus Shawn Matthias in Blackdemons zone.
3:46 of 1st period - Snap shot by Brett Skinner.
3:46 of 1st period - Deflect By Matt Irwin.
3:46 of 1st period - Stopped by Matt Hackett with a rebound.
5:19 of 1st period - Icing by Shawn Matthias.
5:20 of 1st period - Zenon Konopka wins face-off versus Shawn Matthias in Blackdemons zone.
5:21 of 1st period - Snap shot by Tomas Kurka.
5:21 of 1st period - Shot Misses the Net.
5:29 of 1st period - Snap shot by Barry Tallackson.
5:29 of 1st period - Shot Misses the Net.
5:31 of 1st period - Wrist shot by Shawn Matthias.
5:31 of 1st period - Stopped by Marek Schwarz with a rebound.
5:33 of 1st period - Slapshot by Michael Kostka.
5:33 of 1st period - Stopped by Marek Schwarz without a rebound.
5:34 of 1st period - Cory Emmerton wins face-off versus Sam Gagner in Patriotes zone.
5:41 of 1st period - Snap shot by Cory Emmerton.
5:41 of 1st period - Shot Misses the Net.
7:28 of 1st period - Alyn McCauley is hit by Brett Skinner and loses puck.
7:58 of 1st period - Slapshot by Andreas Nodl.
7:58 of 1st period - Goal by Andreas Nodl - Blackdemons : 0 - Patriotes : 1.
7:59 of 1st period - Sam Gagner wins face-off versus Cory Emmerton in neutral zone.
8:08 of 1st period - Wrist shot by Enver Lisin.
8:08 of 1st period - Stopped by Marek Schwarz with a rebound.
8:20 of 1st period - Minor Penalty to A.J Thelen for Hooking.
8:21 of 1st period - Sam Gagner wins face-off versus Christian Hanson in Patriotes zone.
8:46 of 1st period - Andreas Nodl is hit by Shawn Matthias and loses puck.
10:13 of 1st period - Wrist shot by Brett Skinner.
10:13 of 1st period - Stopped by Matt Hackett with a rebound.
10:15 of 1st period - Slapshot by Joe Charlebois.
10:15 of 1st period - Shot Blocked by Shawn Matthias.
10:20 of 1st period - Penalty to A.J Thelen is over, A.J Thelen is back on ice.
11:02 of 1st period - Christian Hanson is hit by Mathieu Dandenault and loses puck.
11:27 of 1st period - Andreas Nodl is hit by Luca Caputi and loses puck.
11:45 of 1st period - Icing by Tyler Myers.
11:46 of 1st period - Ryan White wins face-off versus Shawn Matthias in Patriotes zone.
12:09 of 1st period - Snap shot by Ryan Wilson.
12:09 of 1st period - Shot Blocked by Matt Irwin.
12:27 of 1st period - Snap shot by Sam Gagner.
12:27 of 1st period - Shot Blocked by Ryan Wilson.
12:29 of 1st period - Snap shot by Sam Gagner.
12:29 of 1st period - Stopped by Marek Schwarz with a rebound.
12:31 of 1st period - Snap shot by Zach Boychuk.
12:31 of 1st period - Deflect By Enver Lisin.
12:31 of 1st period - Shot Blocked by Zenon Konopka.
12:31 of 1st period - Puck is out of play.
12:32 of 1st period - Zenon Konopka wins face-off versus Sam Gagner in Patriotes zone.
13:00 of 1st period - Andreas Nodl is hit by Zach Boychuk and loses puck.
13:15 of 1st period - Slapshot by Enver Lisin.
13:15 of 1st period - Goal by Enver Lisin - Blackdemons : 1 - Patriotes : 1.
13:16 of 1st period - Shawn Matthias wins face-off versus Cory Emmerton in neutral zone.
13:25 of 1st period - Snap shot by Barry Tallackson.
13:25 of 1st period - Shot Misses the Net.
14:33 of 1st period - Slapshot by Michael Kostka.
14:33 of 1st period - Deflect By Ryan Wilson.
14:33 of 1st period - Stopped by Marek Schwarz with a rebound.
14:43 of 1st period - Shawn Matthias is hit by Tyler Myers and loses puck.
15:13 of 1st period - Brett Skinner is hit by Matt Irwin and loses puck.
15:31 of 1st period - Zach Boychuk is hit by A.J Thelen and loses puck.
15:44 of 1st period - Joe Charlebois is hit by Calvin de Haan and loses puck.
16:47 of 1st period - Enver Lisin is hit by Zenon Konopka and loses puck.
16:54 of 1st period - Snap shot by Tomas Kurka.
16:54 of 1st period - Shot Misses the Net.
16:56 of 1st period - Snap shot by Andreas Nodl.
16:56 of 1st period - Deflect By Zenon Konopka.
16:56 of 1st period - Stopped by Matt Hackett with a rebound.
16:58 of 1st period - Backhand shot by Joe Charlebois.
16:58 of 1st period - Stopped by Matt Hackett without a rebound.
16:59 of 1st period - Cory Emmerton wins face-off versus Shawn Matthias in Blackdemons zone.
17:24 of 1st period - Enver Lisin is hit by Zenon Konopka and loses puck.
17:49 of 1st period - Mathieu Dandenault is hit by Zack Stortini and loses puck.
19:06 of 1st period - Snap shot by Liam Reddox.
19:06 of 1st period - Stopped by Matt Hackett with a rebound.
19:08 of 1st period - Slapshot by Ryan Wilson.
19:08 of 1st period - Stopped by Matt Hackett with a rebound.
19:10 of 1st period - Wrist shot by Liam Reddox.
19:10 of 1st period - Goal by Liam Reddox - Blackdemons : 1 - Patriotes : 2.
19:11 of 1st period - Sam Gagner wins face-off versus Zenon Konopka in neutral zone.
19:13 of 1st period - Minor Penalty to Zach Boychuk for Roughing.
19:14 of 1st period - Zenon Konopka wins face-off versus Wayne Primeau in Blackdemons zone.
19:14 of 1st period - Wrist shot by Andreas Nodl.
19:14 of 1st period - Stopped by Matt Hackett with a rebound.
19:40 of 1st period - Wayne Primeau is hit by Fedor Fedorov and loses puck.
Goals for this period are 1 for Blackdemons vs 2 for Patriotes.
Shots for this period are 8 for Blackdemons vs 11 for Patriotes.
2nd period
0:01 of 2nd period - Zenon Konopka wins face-off versus Wayne Primeau in neutral zone.
0:16 of 2nd period - Snap shot by Zenon Konopka.
0:16 of 2nd period - Stopped by Matt Hackett without a rebound.
0:17 of 2nd period - Cory Emmerton wins face-off versus Wayne Primeau in Blackdemons zone.
0:18 of 2nd period - Snap shot by Fedor Fedorov.
0:18 of 2nd period - Goal by Fedor Fedorov - Blackdemons : 1 - Patriotes : 3.
0:19 of 2nd period - Sam Gagner wins face-off versus Tomas Kurka in neutral zone.
0:44 of 2nd period - Lauri Tukonen is hit by Barry Tallackson and loses puck.
1:12 of 2nd period - Wrist shot by Mathieu Dandenault.
1:12 of 2nd period - Deflect By Wayne Primeau.
1:12 of 2nd period - Stopped by Marek Schwarz without a rebound.
1:13 of 2nd period - Zenon Konopka wins face-off versus Sam Gagner in Patriotes zone.
1:35 of 2nd period - Icing by Zach Boychuk.
1:36 of 2nd period - Sam Gagner wins face-off versus Fedor Fedorov in Blackdemons zone.
1:36 of 2nd period - Sam Gagner is hit by Cory Emmerton.
1:46 of 2nd period - Snap shot by Cory Emmerton.
1:46 of 2nd period - Shot Misses the Net.
1:48 of 2nd period - Snap shot by Ryan Wilson.
1:48 of 2nd period - Deflect By Michael Kostka.
1:48 of 2nd period - Stopped by Matt Hackett with a rebound.
2:49 of 2nd period - Slapshot by Matt Hunwick.
2:49 of 2nd period - Deflect By Brett Skinner.
2:49 of 2nd period - Stopped by Marek Schwarz without a rebound.
2:50 of 2nd period - Zenon Konopka wins face-off versus Sam Gagner in Patriotes zone.
2:55 of 2nd period - Wrist shot by Zenon Konopka.
2:55 of 2nd period - Goal by Zenon Konopka - Blackdemons : 1 - Patriotes : 4.
2:56 of 2nd period - Sam Gagner wins face-off versus Zenon Konopka in neutral zone.
3:05 of 2nd period - Wrist shot by Zenon Konopka.
3:05 of 2nd period - Stopped by Matt Hackett with a rebound.
3:07 of 2nd period - Slapshot by Brett Skinner.
3:07 of 2nd period - Shot Blocked by Brendon Nash.
3:09 of 2nd period - Slapshot by Brett Skinner.
3:09 of 2nd period - Stopped by Matt Hackett with a rebound.
3:11 of 2nd period - Wrist shot by Brett Skinner.
3:11 of 2nd period - Stopped by Matt Hackett with a rebound.
3:50 of 2nd period - Slapshot by Matt Hunwick.
3:50 of 2nd period - Shot Blocked by Joe Charlebois.
4:25 of 2nd period - Slapshot by Christian Hanson.
4:25 of 2nd period - Shot Blocked by Enver Lisin.
4:35 of 2nd period - Snap shot by Christian Hanson.
4:35 of 2nd period - Shot Misses the Net.
4:37 of 2nd period - Snap shot by Liam Reddox.
4:37 of 2nd period - Stopped by Matt Hackett with a rebound.
4:39 of 2nd period - Slapshot by Mathieu Brodeur.
4:39 of 2nd period - Deflect By Christian Hanson.
4:39 of 2nd period - Stopped by Matt Hackett without a rebound.
4:40 of 2nd period - Shawn Matthias wins face-off versus Zenon Konopka in Blackdemons zone.
6:06 of 2nd period - Steven Zalewski is hit by Cory Emmerton.
6:44 of 2nd period - Snap shot by Enver Lisin.
6:44 of 2nd period - Stopped by Marek Schwarz without a rebound.
6:45 of 2nd period - Shawn Matthias wins face-off versus Cory Emmerton in Patriotes zone.
6:48 of 2nd period - Slapshot by Barry Tallackson.
6:48 of 2nd period - Shot Blocked by A.J Thelen.
6:50 of 2nd period - Snap shot by Barry Tallackson.
6:50 of 2nd period - Shot Misses the Net.
6:52 of 2nd period - Wrist shot by Matt Hunwick.
6:52 of 2nd period - Shot Misses the Net.
6:59 of 2nd period - Off-side.
7:00 of 2nd period - Zenon Konopka wins face-off versus Sam Gagner in neutral zone.
7:29 of 2nd period - Slapshot by Barry Tallackson.
7:29 of 2nd period - Shot Blocked by Ryan Wilson.
8:30 of 2nd period - Wrist shot by Cory Emmerton.
8:30 of 2nd period - Stopped by Matt Hackett with a rebound.
8:32 of 2nd period - Wrist shot by Lauri Tukonen.
8:32 of 2nd period - Stopped by Matt Hackett with a rebound.
8:34 of 2nd period - Snap shot by Cory Emmerton.
8:34 of 2nd period - Shot Misses the Net.
8:36 of 2nd period - Slapshot by Joe Charlebois.
8:36 of 2nd period - Shot Blocked by Jakub Kindl.
9:16 of 2nd period - Slapshot by Ryan White.
9:16 of 2nd period - Shot Blocked by Luca Caputi.
9:56 of 2nd period - Wrist shot by Enver Lisin.
9:56 of 2nd period - Goal by Enver Lisin - Blackdemons : 2 - Patriotes : 4.
9:57 of 2nd period - Zenon Konopka wins face-off versus Sam Gagner in neutral zone.
10:02 of 2nd period - Snap shot by Brett Skinner.
10:02 of 2nd period - Stopped by Matt Hackett with a rebound.
10:26 of 2nd period - Wrist shot by Barry Tallackson.
10:26 of 2nd period - Shot Misses the Net.
11:02 of 2nd period - Ryan Wilson is hit by Matt Hunwick and loses puck.
11:28 of 2nd period - Off-side.
11:29 of 2nd period - Sam Gagner wins face-off versus Zenon Konopka in neutral zone.
11:34 of 2nd period - Snap shot by Enver Lisin.
11:34 of 2nd period - Stopped by Marek Schwarz with a rebound.
11:36 of 2nd period - Wrist shot by Sam Gagner.
11:36 of 2nd period - Stopped by Marek Schwarz with a rebound.
11:38 of 2nd period - Slapshot by Brendon Nash.
11:38 of 2nd period - Shot Blocked by Zenon Konopka.
11:40 of 2nd period - Snap shot by Zach Boychuk.
11:40 of 2nd period - Shot Misses the Net.
11:42 of 2nd period - Slapshot by Brendon Nash.
11:42 of 2nd period - Stopped by Marek Schwarz with a rebound.
11:44 of 2nd period - Snap shot by Zach Boychuk.
11:44 of 2nd period - Stopped by Marek Schwarz with a rebound.
12:05 of 2nd period - Michael Kostka is hit by Andreas Nodl and loses puck.
12:18 of 2nd period - Barry Tallackson is hit by Cory Emmerton and loses puck.
12:41 of 2nd period - Liam Reddox is hit by Enver Lisin and loses puck.
13:06 of 2nd period - Wrist shot by Zach Boychuk.
13:06 of 2nd period - Stopped by Marek Schwarz without a rebound.
13:07 of 2nd period - Cory Emmerton wins face-off versus Steven Zalewski in Patriotes zone.
13:22 of 2nd period - Wrist shot by Fedor Fedorov.
13:22 of 2nd period - Shot Misses the Net.
13:28 of 2nd period - Minor Penalty to Steven Zalewski for Holding.
13:29 of 2nd period - Wayne Primeau wins face-off versus Andreas Nodl in Blackdemons zone.
13:29 of 2nd period - Wayne Primeau is hit by Tomas Kurka.
14:04 of 2nd period - Off-side.
14:05 of 2nd period - Cory Emmerton wins face-off versus Shawn Matthias in neutral zone.
14:32 of 2nd period - Ryan Wilson is hit by Brendon Nash and loses puck.
14:59 of 2nd period - Mathieu Dandenault is hit by Lauri Tukonen and loses puck.
15:28 of 2nd period - Penalty to Steven Zalewski is over, Steven Zalewski is back on ice.
15:34 of 2nd period - Snap shot by Enver Lisin.
15:34 of 2nd period - Stopped by Marek Schwarz without a rebound.
15:35 of 2nd period - Sam Gagner wins face-off versus Christian Hanson in Patriotes zone.
16:58 of 2nd period - Slapshot by Ryan Wilson.
16:58 of 2nd period - Goal by Ryan Wilson - Blackdemons : 2 - Patriotes : 5.
16:58 of 2nd period - Martin Biron enters game.
16:59 of 2nd period - Sam Gagner wins face-off versus Zenon Konopka in neutral zone.
17:02 of 2nd period - Wrist shot by Sam Gagner.
17:02 of 2nd period - Shot Blocked by Tomas Kurka.
17:04 of 2nd period - Snap shot by Zach Boychuk.
17:04 of 2nd period - Deflect By Enver Lisin.
17:04 of 2nd period - Shot Misses the Net.
17:04 of 2nd period - Puck is out of play.
17:05 of 2nd period - Sam Gagner wins face-off versus Zenon Konopka in Patriotes zone.
17:08 of 2nd period - Snap shot by Zach Boychuk.
17:08 of 2nd period - Stopped by Marek Schwarz without a rebound.
17:09 of 2nd period - Sam Gagner wins face-off versus Zenon Konopka in Patriotes zone.
17:20 of 2nd period - Snap shot by Enver Lisin.
17:20 of 2nd period - Stopped by Marek Schwarz with a rebound.
17:24 of 2nd period - Wrist shot by Enver Lisin.
17:24 of 2nd period - Stopped by Marek Schwarz with a rebound.
17:26 of 2nd period - Slapshot by Zach Boychuk.
17:26 of 2nd period - Shot Blocked by A.J Thelen.
17:28 of 2nd period - Slapshot by Brendon Nash.
17:28 of 2nd period - Stopped by Marek Schwarz without a rebound.
17:29 of 2nd period - Cory Emmerton wins face-off versus Shawn Matthias in Patriotes zone.
17:29 of 2nd period - Cory Emmerton is hit by Michael Haley.
17:43 of 2nd period - Wrist shot by Fedor Fedorov.
17:43 of 2nd period - Shot Misses the Net.
17:45 of 2nd period - Slapshot by Ryan Wilson.
17:45 of 2nd period - Stopped by Martin Biron with a rebound.
17:55 of 2nd period - Enver Lisin is hit by Tyler Myers and loses puck.
18:04 of 2nd period - Tomas Kurka is hit by Matt Irwin and loses puck.
18:12 of 2nd period - Icing by Zenon Konopka.
18:13 of 2nd period - Christian Hanson wins face-off versus Wayne Primeau in Patriotes zone.
18:18 of 2nd period - Wrist shot by Wayne Primeau.
18:18 of 2nd period - Stopped by Marek Schwarz with a rebound.
18:20 of 2nd period - Wrist shot by Alyn McCauley.
18:20 of 2nd period - Shot Misses the Net.
18:22 of 2nd period - Wrist shot by Wayne Primeau.
18:22 of 2nd period - Stopped by Marek Schwarz without a rebound.
18:23 of 2nd period - Andreas Nodl wins face-off versus Sam Gagner in Patriotes zone.
18:49 of 2nd period - Brendon Nash is hit by Lauri Tukonen and loses puck.
18:54 of 2nd period - Snap shot by Lauri Tukonen.
18:54 of 2nd period - Stopped by Martin Biron without a rebound.
18:55 of 2nd period - Shawn Matthias wins face-off versus Cory Emmerton in Blackdemons zone.
18:55 of 2nd period - Shawn Matthias is hit by Lauri Tukonen.
19:11 of 2nd period - Slapshot by Ryan Wilson.
19:11 of 2nd period - Shot Blocked by Barry Tallackson.
19:11 of 2nd period - Barry Tallackson from Blackdemons is injured at 19:11 of 2nd period (Separated Right Shoulder).
19:12 of 2nd period - Sam Gagner wins face-off versus Andreas Nodl in Blackdemons zone.
19:19 of 2nd period - Snap shot by Enver Lisin.
19:19 of 2nd period - Goal by Enver Lisin - Blackdemons : 3 - Patriotes : 5.
19:20 of 2nd period - Sam Gagner wins face-off versus Zenon Konopka in neutral zone.
19:33 of 2nd period - Slapshot by Brendon Nash.
19:33 of 2nd period - Stopped by Marek Schwarz with a rebound.
19:35 of 2nd period - Slapshot by Sam Gagner.
19:35 of 2nd period - Deflect By Enver Lisin.
19:35 of 2nd period - Goal by Enver Lisin - Blackdemons : 4 - Patriotes : 5.
19:36 of 2nd period - Sam Gagner wins face-off versus Zenon Konopka in neutral zone.
19:45 of 2nd period - Slapshot by A.J Thelen.
19:45 of 2nd period - Deflect By Michael Kostka.
19:45 of 2nd period - Stopped by Martin Biron without a rebound.
19:46 of 2nd period - Zenon Konopka wins face-off versus Sam Gagner in Blackdemons zone.
Goals for this period are 3 for Blackdemons vs 3 for Patriotes.
Shots for this period are 19 for Blackdemons vs 16 for Patriotes.
3rd period
0:01 of 3rd period - Sam Gagner wins face-off versus Zenon Konopka in neutral zone.
0:12 of 3rd period - Icing by Tomas Kurka.
0:13 of 3rd period - Sam Gagner wins face-off versus Andreas Nodl in Patriotes zone.
0:35 of 3rd period - Slapshot by A.J Thelen.
0:35 of 3rd period - Shot Blocked by Shawn Matthias.
0:39 of 3rd period - Snap shot by Andreas Nodl.
0:39 of 3rd period - Stopped by Martin Biron with a rebound.
0:41 of 3rd period - Slapshot by A.J Thelen.
0:41 of 3rd period - Shot Blocked by Shawn Matthias.
0:43 of 3rd period - Snap shot by Andreas Nodl.
0:43 of 3rd period - Deflect By Zenon Konopka.
0:43 of 3rd period - Stopped by Martin Biron with a rebound.
0:45 of 3rd period - Slapshot by Brett Skinner.
0:45 of 3rd period - Shot Blocked by Matt Calvert.
1:03 of 3rd period - Snap shot by Tomas Kurka.
1:03 of 3rd period - Shot Misses the Net.
1:05 of 3rd period - Slapshot by Brett Skinner.
1:05 of 3rd period - Stopped by Martin Biron without a rebound.
1:06 of 3rd period - Sam Gagner wins face-off versus Cory Emmerton in Blackdemons zone.
1:18 of 3rd period - Minor Penalty to Zach Boychuk for Tripping.
1:19 of 3rd period - Wayne Primeau wins face-off versus Cory Emmerton in Blackdemons zone.
1:26 of 3rd period - Wrist shot by Wayne Primeau.
1:26 of 3rd period - Stopped by Marek Schwarz with a rebound.
1:30 of 3rd period - Snap shot by Wayne Primeau.
1:30 of 3rd period - Shot Misses the Net.
1:32 of 3rd period - Wrist shot by Mathieu Dandenault.
1:32 of 3rd period - Shot Misses the Net.
1:34 of 3rd period - Wrist shot by Mathieu Dandenault.
1:34 of 3rd period - Shot Blocked by Brett Skinner.
1:50 of 3rd period - Brendon Nash is hit by Tomas Kurka and loses puck.
1:59 of 3rd period - Tomas Kurka is hit by Wayne Primeau and loses puck.
2:52 of 3rd period - Fedor Fedorov is hit by Luca Caputi.
3:18 of 3rd period - Penalty to Zach Boychuk is over, Zach Boychuk is back on ice.
4:07 of 3rd period - Wrist shot by Enver Lisin.
4:07 of 3rd period - Stopped by Marek Schwarz with a rebound.
4:41 of 3rd period - Off-side.
4:42 of 3rd period - Michael Haley wins face-off versus Ryan White in neutral zone.
4:45 of 3rd period - Ryan Wilson is hit by Michael Haley and loses puck.
4:54 of 3rd period - Slapshot by Ryan Wilson.
4:54 of 3rd period - Stopped by Martin Biron without a rebound.
4:55 of 3rd period - Zenon Konopka wins face-off versus Sam Gagner in Blackdemons zone.
5:54 of 3rd period - Wrist shot by Zack Stortini.
5:54 of 3rd period - Shot Misses the Net.
6:40 of 3rd period - Minor Penalty to Ryan Wilson for Interference.
6:41 of 3rd period - Michael Haley wins face-off versus Christian Hanson in Patriotes zone.
7:51 of 3rd period - Slapshot by Brett Skinner.
7:51 of 3rd period - Shot Hit the Post.
7:54 of 3rd period - Icing by Brendon Nash.
7:55 of 3rd period - Cory Emmerton wins face-off versus Shawn Matthias in Blackdemons zone.
8:40 of 3rd period - Penalty to Ryan Wilson is over, Ryan Wilson is back on ice.
8:47 of 3rd period - Minor Penalty to Calvin de Haan for Hooking.
8:48 of 3rd period - Wayne Primeau wins face-off versus Zenon Konopka in Blackdemons zone.
10:47 of 3rd period - Penalty to Calvin de Haan is over, Calvin de Haan is back on ice.
10:57 of 3rd period - Matt Irwin is hit by Joakim Andersson and loses puck.
12:25 of 3rd period - Zach Boychuk is hit by Cory Emmerton and loses puck.
12:38 of 3rd period - Michael Haley is hit by Ryan Wilson.
13:26 of 3rd period - Michael Kostka is hit by Mathieu Brodeur and loses puck.
14:06 of 3rd period - Shawn Matthias is hit by Fedor Fedorov and loses puck.
15:34 of 3rd period - Lauri Tukonen is hit by Alyn McCauley and loses puck.
15:47 of 3rd period - Matt Calvert is hit by Ryan White and loses puck.
16:07 of 3rd period - Matt Irwin is hit by Brett Skinner and loses puck.
16:12 of 3rd period - Wrist shot by Liam Reddox.
16:12 of 3rd period - Shot Misses the Net.
16:14 of 3rd period - Slapshot by Mathieu Brodeur.
16:14 of 3rd period - Deflect By Zack Stortini.
16:14 of 3rd period - Shot Blocked by Matt Hunwick.
16:14 of 3rd period - Puck is out of play.
16:15 of 3rd period - Zenon Konopka wins face-off versus Wayne Primeau in Blackdemons zone.
16:16 of 3rd period - Snap shot by Andreas Nodl.
16:16 of 3rd period - Stopped by Martin Biron with a rebound.
16:26 of 3rd period - Icing by Tomas Kurka.
16:27 of 3rd period - Wayne Primeau wins face-off versus Zenon Konopka in Patriotes zone.
16:30 of 3rd period - Wrist shot by Alyn McCauley.
16:30 of 3rd period - Deflect By Wayne Primeau.
16:30 of 3rd period - Shot Misses the Net.
16:30 of 3rd period - Puck is out of play.
16:31 of 3rd period - Wayne Primeau wins face-off versus Liam Reddox in Patriotes zone.
16:36 of 3rd period - Snap shot by Mathieu Dandenault.
16:36 of 3rd period - Stopped by Marek Schwarz with a rebound.
16:56 of 3rd period - Alyn McCauley is hit by Lauri Tukonen and loses puck.
17:13 of 3rd period - Slapshot by Mathieu Dandenault.
17:13 of 3rd period - Stopped by Marek Schwarz without a rebound.
17:14 of 3rd period - Christian Hanson wins face-off versus Sam Gagner in Patriotes zone.
17:14 of 3rd period - Christian Hanson is hit by Brendon Nash.
17:17 of 3rd period - Minor Penalty to Christian Hanson for Holding.
17:18 of 3rd period - Liam Reddox wins face-off versus Michael Haley in Patriotes zone.
18:06 of 3rd period - A.J Thelen is hit by Brendon Nash and loses puck.
18:18 of 3rd period - Icing by Mathieu Dandenault.
18:19 of 3rd period - Zenon Konopka wins face-off versus Shawn Matthias in Blackdemons zone.
18:32 of 3rd period - Slapshot by Matt Hunwick.
18:32 of 3rd period - Shot Misses the Net.
18:34 of 3rd period - Wrist shot by Michael Haley.
18:34 of 3rd period - Goal by Michael Haley - Blackdemons : 5 - Patriotes : 5.
18:35 of 3rd period - Zack Stortini wins face-off versus Wayne Primeau in neutral zone.
18:38 of 3rd period - Wayne Primeau is hit by Christian Hanson and loses puck.
Goals for this period are 1 for Blackdemons vs 0 for Patriotes.
Shots for this period are 5 for Blackdemons vs 5 for Patriotes.
Overtime #1
0:01 of 1st overtime period - Tomas Kurka wins face-off versus Wayne Primeau in neutral zone.
0:48 of 1st overtime period - Slapshot by Fedor Fedorov.
0:48 of 1st overtime period - Shot Blocked by Brendon Nash.
0:50 of 1st overtime period - Slapshot by Brett Skinner.
0:50 of 1st overtime period - Shot Blocked by Alyn McCauley.
0:52 of 1st overtime period - Slapshot by A.J Thelen.
0:52 of 1st overtime period - Stopped by Martin Biron with a rebound.
0:54 of 1st overtime period - Slapshot by Brett Skinner.
0:54 of 1st overtime period - Shot Blocked by Mathieu Dandenault.
2:35 of 1st overtime period - Christian Hanson is hit by Jakub Kindl and loses puck.
3:45 of 1st overtime period - Mathieu Brodeur is hit by Mathieu Dandenault and loses puck.
4:11 of 1st overtime period - Slapshot by Calvin de Haan.
4:11 of 1st overtime period - Stopped by Marek Schwarz with a rebound.
4:17 of 1st overtime period - Snap shot by Mathieu Dandenault.
4:17 of 1st overtime period - Stopped by Marek Schwarz without a rebound.
4:18 of 1st overtime period - Tomas Kurka wins face-off versus Wayne Primeau in Patriotes zone.
4:34 of 1st overtime period - A.J Thelen is hit by Enver Lisin and loses puck.
Goals for this period are 0 for Blackdemons vs 0 for Patriotes.
Shots for this period are 2 for Blackdemons vs 1 for Patriotes.
ShootOut
5:00 of 1st overtime period - Penalty Shot by Enver Lisin for Blackdemons.
5:00 of 1st overtime period - Wrist shot by Enver Lisin.
5:00 of 1st overtime period - Shot Misses the Net.
5:00 of 1st overtime period - Penalty Shot by Tomas Kurka for Patriotes.
5:00 of 1st overtime period - Snap shot by Tomas Kurka.
5:00 of 1st overtime period - Stopped by Martin Biron.
5:00 of 1st overtime period - Penalty Shot by Wayne Primeau for Blackdemons.
5:00 of 1st overtime period - Snap shot by Wayne Primeau.
5:00 of 1st overtime period - Stopped by Marek Schwarz.
5:00 of 1st overtime period - Penalty Shot by Andreas Nodl for Patriotes.
5:00 of 1st overtime period - Snap shot by Andreas Nodl.
5:00 of 1st overtime period - Goal by Andreas Nodl.
5:00 of 1st overtime period - Penalty Shot by Shawn Matthias for Blackdemons.
5:00 of 1st overtime period - Deke by Shawn Matthias.
5:00 of 1st overtime period - Goal by Shawn Matthias.
5:00 of 1st overtime period - Penalty Shot by Fedor Fedorov for Patriotes.
5:00 of 1st overtime period - Wrist shot by Fedor Fedorov.
5:00 of 1st overtime period - Stopped by Martin Biron.
5:00 of 1st overtime period - Penalty Shot by Alyn McCauley for Blackdemons.
5:00 of 1st overtime period - Backhand shot by Alyn McCauley.
5:00 of 1st overtime period - Stopped by Marek Schwarz.
5:00 of 1st overtime period - Penalty Shot by Zenon Konopka for Patriotes.
5:00 of 1st overtime period - Deke by Zenon Konopka.
5:00 of 1st overtime period - Goal by Zenon Konopka.
Output by the SimonT Hockey Simulator (STHS) for François Prévost -- Original Page W3C XHTML 1.0 Valid